 Dungeon Crawl Stone Soup version 0.30-a0-242-g7bf8e6d787 (webtiles) character file.

Game seed: 6973780301112737970

2091 koil the Covert (level 9, -3/44 HPs)
             Began as a Spriggan Enchanter on Oct 12, 2022.
             Was a Believer of Makhleb.
             Slain by an orc knight
             ... wielding a +0 war axe
              (9 damage)
             ... in a bailey.
             The game lasted 00:27:02 (7592 turns).

koil the Covert (Spriggan Enchanter)                Turns: 7592, Time: 00:27:03

Health: -3/44      AC:  3    Str:  4    XL:     9   Next: 6%
Magic:  5/18       EV: 20    Int: 19    God:    Makhleb [**....]
Gold:   524        SH:  0    Dex: 17    Spells: 13/19 levels left

rFire   . . .      SeeInvis +    a - +0 dagger (drain)
rCold   . . .      Faith    .    (no shield)
rNeg    . . .      Spirit   .    m - +0 robe
rPois   .          Reflect  .    (helmet restricted)
rElec   .          Harm     .    q - +0 cloak
rCorr   .          Rampage  .    (gloves unavailable)
Will    ++...                    (boots unavailable)
Stlth   ++++......               (no amulet)
HPRegen 0.27/turn                f - ring of willpower
MPRegen 0.16/turn                (no ring)

@: studying Ranged Weapons, very quick
A: very small, no large weapons, unfitting armour, see invisible, speed 3
a: Renounce Religion, Minor Destruction


You were in a bailey.
You worshipped Makhleb.
Makhleb was pleased with you.
You visited 2 branches of the dungeon, and saw 9 of its levels.
You also visited: Bailey.

You collected 524 gold pieces.

Inventory:

Hand Weapons
 a - a +0 dagger of draining (weapon)
 b - a +0 sling
 y - a +4 scimitar
 B - a +5 spear
 G - a +3 vorpal glaive
 H - the +7 hand axe of Disintegration {freeze, rPois rN+ Dex+3}
   (You found it on level 8 of the Dungeon)

   It freezes those it strikes, dealing additional cold damage.
   It can also slow down cold-blooded creatures.
   Dex:       It affects your dexterity (+3).
   rPois:     It protects you from poison.
   rN:        It protects you from negative energy.
Missiles
 j - 2 throwing nets (quivered)
 l - 3 poisoned darts
Armour
 m - a +0 robe (worn)
 q - a +0 cloak (worn)
Magical Staves
 x - a staff of poison
Jewellery
 f - a ring of willpower (left hand)
Wands
 g - a wand of light (1)
 A - a wand of paralysis (4)
 F - a wand of iceblast (6)
Scrolls
 e - 3 scrolls of identify
 i - a scroll of magic mapping
 o - 2 scrolls of teleportation
 r - a scroll of enchant weapon
 u - a scroll of vulnerability {unknown}
 v - 2 scrolls of noise {unknown}
 z - a scroll of silence {unknown}
 C - 2 scrolls of immolation {unknown}
 D - a scroll of fog {unknown}
 E - a scroll of enchant armour {unknown}
Potions
 c - 3 potions of invisibility
 d - a potion of lignification {unknown}
 h - 3 potions of curing
 k - 3 potions of haste {unknown}
 n - 3 potions of flight
 p - 2 potions of cancellation
 s - a potion of berserk rage
 t - a potion of resistance {unknown}
 w - 2 potions of might {unknown}


   Skills:
 + Level 3.2 Fighting
 + Level 4.6 Short Blades
 + Level 6.1 Dodging
 + Level 8.1 Stealth
 + Level 5.8 Spellcasting
 + Level 6.2 Hexes
 + Level 3.3 Ice Magic
 + Level 4.4 Evocations


You had 13 spell levels left.
You knew the following spells:

 Your Spells              Type           Power      Damage    Failure   Level
a - Ensorcelled Hibernat  Hex/Ice        46%        N/A       2%          2
b - Confusing Touch       Hex            29%        N/A       2%          3
c - Freeze                Ice            72%        1d8       3%          1

Your spell library contained the following spells:

 Spells                   Type           Power      Damage    Failure   Level
 Tukima's Dance           Hex            29%        N/A       2%          3
 Frozen Ramparts          Ice            36%        1d6       9%          3
 Dazzling Flash           Conj/Hex       34%        N/A       10%         3
 Portal Projectile        Hex/Tloc       34%        N/A       10%         3
 Beastly Appendage        Tmut           10%        N/A       12%         1
 Magic Dart               Conj           20%        1d4       12%         1
 Scorch                   Fire           10%        2d5       17%         2
 Searing Ray              Conj           10%        2d4       17%         2
 Wereblood                Tmut           5%         N/A       17%         2
 Hailstorm                Conj/Ice       11%        3d5       17%         3
 Fulminant Prism          Conj/Hex       8%         3d7       30%         4
 Leda's Liquefaction      Hex/Erth       8%         N/A       30%         4
 Call Canine Familiar     Summ           5%         N/A       34%         3
 Spider Form              Tmut/Pois      5%         N/A       34%         3
 Flame Wave               Conj/Fire      5%         2d5       75%         4
 Conjure Ball Lightning   Conj/Air       2%         3x3d6     100%        6
 Summon Cactus Giant      Summ           2%         N/A       100%        6
 Discord                  Hex            14%        N/A       100%        8
 Disjunction              Tloc           2%         N/A       100%        8


Dungeon Overview and Level Annotations

Branches:
Dungeon (8/15)             Temple (1/1) D:4          Bailey (1/1)
   Lair: D:8-11

Altars:
Ashenzari
Cheibriados
Dithmenos
Elyvilon
Gozag
Hepliaklqana
Kikubaaqudgha
Makhleb
Okawaru
Qazlal
Ru
Sif Muna
Trog
Uskayaw
Wu Jian
Zin


Innate Abilities, Weirdness & Mutations

You are very small and have problems with some larger weapons.
You are too small for most types of armour.
You have supernaturally acute eyesight. (SInv)
You cover ground extremely quickly. (Speed+++)


Message History

The kobold brigand looks drowsy...
Casting: Ensorcelled Hibernation (safe; 2% risk of failure)
Confirm with . or Enter, or press ? or * to list all spells.
Aiming: Ensorcelled Hibernation (safe; 2% risk of failure)
Press: ? - help, Shift-Dir - straight line, f - kobold, p - kobold brigand
Aim: a kobold, quivering boomerangs (chance to affect: 72%)
The kobold looks drowsy...
Casting: Ensorcelled Hibernation (safe; 2% risk of failure)
Confirm with . or Enter, or press ? or * to list all spells.
Aiming: Ensorcelled Hibernation (safe; 2% risk of failure)
Press: ? - help, Shift-Dir - straight line, f - orc knight, p - kobold
Aim: an orc knight, wielding a +0 war axe and wearing a +0 plate armour (chance to affect: 37%)
The orc knight resists with some effort.
The orc knight hits you with a +0 war axe!!
Ouch! That really hurt!
* * * LOW HITPOINT WARNING * * *
The kobold shouts!
The kobold brigand shouts!
Casting: Ensorcelled Hibernation (safe; 2% risk of failure)
Confirm with . or Enter, or press ? or * to list all spells.
Aiming: Ensorcelled Hibernation (safe; 2% risk of failure)
Press: ? - help, Shift-Dir - straight line, f/p - orc knight
Aim: an orc knight, wielding a +0 war axe and wearing a +0 plate armour (chance to affect: 37%)
The orc knight resists with some effort.
The orc knight completely misses you.
Casting: Ensorcelled Hibernation (safe; 2% risk of failure)
Confirm with . or Enter, or press ? or * to list all spells.
Aiming: Ensorcelled Hibernation (safe; 2% risk of failure)
Press: ? - help, Shift-Dir - straight line, f/p - orc knight
Aim: an orc knight, wielding a +0 war axe and wearing a +0 plate armour (chance to affect: 37%)
The orc knight resists with some effort.
The orc knight closely misses you.
Casting: Ensorcelled Hibernation (safe; 2% risk of failure)
Confirm with . or Enter, or press ? or * to list all spells.
Aiming: Ensorcelled Hibernation (safe; 2% risk of failure)
Press: ? - help, Shift-Dir - straight line, f/p - orc knight
Aim: an orc knight, wielding a +0 war axe and wearing a +0 plate armour (chance to affect: 37%)
The orc knight resists with some effort.
The kobold brigand misses you. The kobold completely misses you.
The orc knight hits you with a +0 war axe!
You die...

...~~.K.....~~....
#~~...(..)~~#
##~......(~##
####...#### #...#
#...# #K..#
##K''## ##@oK..##
#..K....#
#...∩...#
##.....## #######


You could see an orc knight, 2 kobold brigands and 2 kobolds.

Vanquished Creatures
  Grinder (D:6)
  An orc warrior (D:8)
  An ice beast (D:6)
  An ogre (D:4)
  A centaur (D:7)
  A phantom (D:6)
  A kobold brigand (Bailey)
  2 necrophages
  2 scorpions
  5 wights (D:6)
  5 killer bees (D:7)
  3 howler monkeys (D:7)
  An orc priest (D:6)
  4 hounds
  A jelly (D:7)
  An iron imp (D:5)
  4 iguanas
  3 orc wizards
  4 adders
  2 white imps
  3 ufetubi
  3 worms
  5 dart slugs
  13 orcs
  7 ball pythons
  3 bats
  6 endoplasms
  A giant cockroach (D:2)
  6 goblins
  5 hobgoblins
  9 jackals
  10 kobolds
  5 quokkas
  3 frilled lizards
  9 rats
132 creatures vanquished.

Notes
Turn   | Place    | Note
-------+----------+-------------------------------------------
     0 | D:1      | koil the Spriggan Enchanter began the quest for the Orb.
     0 | D:1      | Reached XP level 1. HP: 9/9 MP: 5/5
   189 | D:1      | Reached XP level 2. HP: 13/13 MP: 6/6
   192 | D:1      | Learned a level 2 spell: Ensorcelled Hibernation
   873 | D:1      | Reached XP level 3. HP: 13/16 MP: 1/8
  2226 | D:3      | Reached XP level 4. HP: 16/21 MP: 10/10
  2481 | D:3      | Reached skill level 1 in Ice Magic
  2496 | D:3      | Reached skill level 5 in Stealth
  3224 | D:4      | Found a staircase to the Ecumenical Temple.
  3254 | D:4      | Noticed an ogre
  3261 | D:4      | Killed an ogre
  3262 | D:4      | Reached skill level 1 in Fighting
  3262 | D:4      | Reached XP level 5. HP: 25/25 MP: 11/11
  3781 | Temple   | Entered the Ecumenical Temple
  3939 | Temple   | Became a worshipper of Makhleb the Destroyer
  4040 | D:5      | Entered Level 5 of the Dungeon
  4120 | D:5      | Found a snail-covered altar of Cheibriados.
  4141 | D:5      | Learned a level 3 spell: Confusing Touch
  4143 | D:5      | Learned a level 1 spell: Freeze
  4229 | D:5      | Reached XP level 6. HP: 30/30 MP: 12/12
  4280 | D:5      | Found an ornate altar of the Wu Jian Council.
  4770 | D:6      | HP: 1/30 [hound (3)]
  4949 | D:6      | Reached skill level 6 in Stealth
  4959 | D:6      | Found an opulent altar of Gozag.
  4966 | D:6      | Reached skill level 1 in Evocations
  5035 | D:6      | Reached XP level 7. HP: 27/34 MP: 14/14
  5134 | D:6      | Reached skill level 5 in Hexes
  5790 | D:6      | Noticed Grinder
  5823 | D:6      | Killed Grinder
  5823 | D:6      | Reached * piety under Makhleb
  5848 | D:6      | Reached skill level 5 in Dodging
  5848 | D:6      | Reached skill level 7 in Stealth
  5848 | D:6      | Reached XP level 8. HP: 28/39 MP: 11/16
  5926 | D:6      | Reached skill level 5 in Spellcasting
  7475 | D:8      | Found a flagged portal.
  7489 | D:8      | Reached ** piety under Makhleb
  7496 | D:8      | Reached skill level 8 in Stealth
  7496 | D:8      | Reached XP level 9. HP: 44/44 MP: 12/18
  7511 | D:8      | Identified the +7 hand axe of Disintegration {freeze, rPois
                  | rN+ Dex+3}
  7519 | Bailey   | Entered a bailey
  7571 | Bailey   | Noticed an orc knight
  7592 | Bailey   | Slain by an orc knight

Illustrated notes

Levels and vault maps discovered:
D:1:      dpeg_arrival_round_c, layout_loops_corners, minmay_misc_feat_x,
          roderic_serpentine_path
D:2:      layout_basic, kennysheep_cross_room
D:3:      layout_basic, grunt_decor_clamped
D:4:      layout_basic, temple_pool_b
D:5:      layout_loops_ring, slow_altar_1, mainiacjoe_overflow_six_doors_small
D:6:      layout_basic, nicolae_overflow_hidden_temple, eino_curves_03,
          uniq_grinder
D:7:      layout_gridville, minmay_misc_feat_cross, st_stairs_5
D:8:      layout_basic, nicolae_overflow_quartered_altars, nzn_ghost_randoct,
          enter_bailey_2
Temple:   nicolae_temple_bog_church
Bailey:   bailey_axe_3, bailey

Skill      XL: |  1  2  3  4  5  6  7  8 |
---------------+-------------------------+-----
Dodging        | 3 4 5 6 |  6.1
Spellcasting   | 3 4 5 |  5.8
Hexes          | 4 5 6 |  6.2
Short Blades   | 2 3 4 |  4.6
Ice Magic      | 1 2 3 |  3.3
Stealth        | 5 6 7 8 |  8.1
Fighting       | 1 2 3 |  3.2
Evocations     | 1 2 4 |  4.4

Action                   |  1- 3 |  4- 6 |  7- 9 || total
-------------------------+-------+-------+-------++-------
Melee: Dagger            |   136 |    94 |   191 ||   421
       Punch             |       |       |     2 ||     2
 Cast: Ensorcelled Hiber |     5 |    30 |    29 ||    64
       Confusing Touch   |       |     1 |    11 ||    12
  Use: Scroll            |       |    10 |       ||    10
       Potion            |       |     1 |     1 ||     2
 Stab: Sleeping          |    20 |    23 |    21 ||    64
       Distracted        |       |     1 |       ||     1
       Confused          |       |     1 |    13 ||    14
Armor: Robe              |     7 |     5 |    14 ||    26
Dodge: Dodged            |    86 |    66 |   115 ||   267

Table legend: (Time is in decaauts)
 A = Elapsed time spent in this place.
 B = Non-inter-level travel time spent in this place.
 C = Inter-level travel time spent in this place.
 D = Time resting spent in this place.
 E = Time spent auto-exploring this place.
 F = Levels seen in this place.
 G = Mean time per level.
                   A        B        C        D        E       F      G
               +--------+--------+--------+--------+--------+-----+--------+
         Total |   5381 |   5206 |    175 |    420 |   3504 |  10 |  538.1 |
       Dungeon |   5151 |   4976 |    175 |    420 |   3412 |   8 |  643.9 |
        Temple |    174 |    174 |      0 |      0 |     92 |   1 |  174.0 |
        Bailey |     55 |     55 |      0 |      0 |      0 |   1 |   55.0 |
               +--------+--------+--------+--------+--------+-----+--------+

Top non-repeatable levels by time:
     D:6: 1123 daAuts
     D:3: 843 daAuts
     D:1: 772 daAuts
     D:7: 747 daAuts
     D:5: 558 daAuts
     D:2: 555 daAuts
     D:4: 434 daAuts
  Temple: 174 daAuts
     D:8: 116 daAuts
  Bailey: 55 daAuts
